TOP OF THE 1ST |
University of South Carolina Gamecocks batting - Pitching for Rice University Owls : RHP Bror Wuopio
|
Pitching: RHP Bror Wuopio
|
|
Batting: RHB Mike Chiquete
|
0-0: Fly out, F7 (Flyball, 7, EV 90.6 MPH)
|
Batting: RHB Emanuel Estrada
|
0-0: Swinging Strike 0-1: Foul Ball, location: 2F 0-2: Strikes out swinging
|
Batting: RHB Colin Morris
|
0-0: Fly out, F8 (Flyball, 8LM, EV 92.5 MPH)
|
Top of the 1st over - 0 runs, 0 hits, 0 errors, 0 left on base; University of South Carolina 0 - Rice University 0 |
BOTTOM OF THE 1ST |
Rice University Owls batting - Pitching for University of South Carolina Gamecocks : RHP Jose Clemente
|
Pitching: RHP Jose Clemente
|
|
Batting: SHB Yu-hsui Lew
|
0-0: Ball 1-0: Ball 2-0: Ball 3-0: Called Strike 3-1: Fly out, F7 (Line Drive, 7, EV 86.9 MPH)
|
Batting: RHB Jordan Dugue
|
0-0: Ball 1-0: Swinging Strike 1-1: Ball 2-1: Ball 3-1: Base on Balls
|
Batting: RHB Fred Saxton
|
0-0: Ball 1-0: Ball Jordan Dugue steals 2nd base 2-0: Ground out 5-3 (Groundball, 56S, EV 80.6 MPH)
|
Batting: LHB David Coatney
|
0-0: DOUBLE (Line Drive, 78D, EV 106.9 MPH) Jordan Dugue scores
|
Batting: SHB Joan Coucieiro
|
0-0: Ball 1-0: Ball 2-0: Ball 3-0: Called Strike 3-1: Called Strike 3-2: 2-RUN HOME RUN (Flyball, 9LD, EV 94.4 MPH), Distance : 353 ft
|
Batting: LHB Eddie Lemus
|
0-0: Called Strike 0-1: Swinging Strike 0-2: Ball 1-2: Foul Ball, location: 2F 1-2: Ground out U3 (Groundball, 3, EV 103.8 MPH)
|
Bottom of the 1st over - 3 runs, 2 hits, 0 errors, 0 left on base; University of South Carolina 0 - Rice University 3 |
TOP OF THE 2ND |
University of South Carolina Gamecocks batting - Pitching for Rice University Owls : RHP Bror Wuopio
|
Batting: LHB Jose Mafano
|
0-0: Ground out 4-3 (Groundball, 34, EV 83.8 MPH)
|
Batting: RHB Danny Rodriguez
|
0-0: Ball 1-0: Ball 2-0: Ball 3-0: Base on Balls
|
Batting: LHB Bruce Daley
|
0-0: Grounds into double play, 5-4-3 (Groundball, 56, EV 80.0 MPH)
|
Top of the 2nd over - 0 runs, 0 hits, 0 errors, 0 left on base; University of South Carolina 0 - Rice University 3 |
BOTTOM OF THE 2ND |
Rice University Owls batting - Pitching for University of South Carolina Gamecocks : RHP Jose Clemente
|
Batting: RHB Yu-zeng Mai
|
0-0: Ball 1-0: Foul Ball, location: 2F 1-1: Ground out 6-3 (Groundball, 6, EV 106.9 MPH)
|
Batting: RHB Russ Kennett
|
0-0: Ball 1-0: Swinging Strike 1-1: Fly out, F8 (Flyball, 8RD, EV 93.1 MPH)
|
Batting: RHB Adrian Quilantan
|
0-0: Ground out 6-3 (Groundball, 6, EV 83.1 MPH)
|
Bottom of the 2nd over - 0 runs, 0 hits, 0 errors, 0 left on base; University of South Carolina 0 - Rice University 3 |
TOP OF THE 3RD |
University of South Carolina Gamecocks batting - Pitching for Rice University Owls : RHP Bror Wuopio
|
Batting: RHB Jim Smallwood
|
0-0: Ball 1-0: Ball 2-0: Foul Ball, location: 2F 2-1: Foul Ball, location: 2F 2-2: Foul Ball, location: 2F 2-2: Ball 3-2: Strikes out swinging
|
Batting: RHB Pablo Henriquez
|
0-0: SINGLE (Flyball, 6D, EV 90.6 MPH)
|
Batting: RHB Mark Squires
|
0-0: Ball Pablo Henriquez is caught stealing 2nd base 2-4 1-0: Ball 2-0: Ball 3-0: Called Strike 3-1: SINGLE (Flyball, 3D, EV 91.9 MPH)
|
Batting: RHB Mike Chiquete
|
0-0: Called Strike 0-1: Ball 1-1: SINGLE (Groundball, 56D, EV 107.5 MPH) Mark Squires to second
|
Batting: RHB Emanuel Estrada
|
0-0: Called Strike 0-1: Ball 1-1: Swinging Strike 1-2: Ball 2-2: Strikes out swinging
|
Top of the 3rd over - 0 runs, 3 hits, 0 errors, 2 left on base; University of South Carolina 0 - Rice University 3 |
BOTTOM OF THE 3RD |
Rice University Owls batting - Pitching for University of South Carolina Gamecocks : RHP Jose Clemente
|
Batting: SHB Yu-hsui Lew
|
0-0: Fly out, F8 (Flyball, 8RM, EV 86.2 MPH)
|
Batting: RHB Jordan Dugue
|
0-0: Foul Ball, location: 2F 0-1: Called Strike 0-2: Strikes out swinging
|
Batting: RHB Fred Saxton
|
0-0: Ground out 6-3 (Groundball, 6, EV 107.5 MPH)
|
Bottom of the 3rd over - 0 runs, 0 hits, 0 errors, 0 left on base; University of South Carolina 0 - Rice University 3 |
TOP OF THE 4TH |
University of South Carolina Gamecocks batting - Pitching for Rice University Owls : RHP Bror Wuopio
|
Batting: RHB Colin Morris
|
0-0: Ball 1-0: Called Strike 1-1: Fly out, F9 (Flyball, 9, EV 74.4 MPH)
|
Batting: LHB Jose Mafano
|
0-0: Ball 1-0: Called Strike 1-1: Ball 2-1: Swinging Strike 2-2: Foul Ball, location: 2F 2-2: Fly out, F7 (Flyball, 7, EV 75.6 MPH)
|
Batting: RHB Danny Rodriguez
|
0-0: Ball 1-0: Ball 2-0: Ball 3-0: Called Strike 3-1: SINGLE (Groundball, 6MD, EV 96.2 MPH)
|
Batting: LHB Bruce Daley
|
0-0: Ball 1-0: Foul Ball, location: 2F 1-1: Foul Ball, location: 2F 1-2: Ground out 1-3 (Groundball, 15S, EV 71.9 MPH)
|
Top of the 4th over - 0 runs, 1 hit, 0 errors, 1 left on base; University of South Carolina 0 - Rice University 3 |
BOTTOM OF THE 4TH |
Rice University Owls batting - Pitching for University of South Carolina Gamecocks : RHP Jose Clemente
|
Batting: LHB David Coatney
|
0-0: Fly out, F8 (Flyball, 78M, EV 91.2 MPH)
|
Batting: SHB Joan Coucieiro
|
0-0: Ball 1-0: Ball 2-0: Swinging Strike 2-1: Called Strike 2-2: Strikes out swinging
|
Batting: LHB Eddie Lemus
|
0-0: Foul Ball, location: 2F 0-1: Foul Ball, location: 2F 0-2: Strikes out swinging
|
Bottom of the 4th over - 0 runs, 0 hits, 0 errors, 0 left on base; University of South Carolina 0 - Rice University 3 |
TOP OF THE 5TH |
University of South Carolina Gamecocks batting - Pitching for Rice University Owls : RHP Bror Wuopio
|
Batting: RHB Jim Smallwood
|
0-0: Called Strike 0-1: Called Strike 0-2: Ball 1-2: Ball 2-2: Ball 3-2: Strikes out swinging
|
Batting: RHB Pablo Henriquez
|
0-0: Ball 1-0: Ground out 6-3 (Groundball, 56D, EV 90.6 MPH)
|
Batting: RHB Mark Squires
|
0-0: DOUBLE (Groundball, 3L, EV 103.1 MPH)
|
Batting: RHB Mike Chiquete
|
0-0: Ball 1-0: Ball 2-0: Foul Ball, location: 2F 2-1: Fly out, F8 (Flyball, 8RD, EV 83.8 MPH)
|
Top of the 5th over - 0 runs, 1 hit, 0 errors, 1 left on base; University of South Carolina 0 - Rice University 3 |
BOTTOM OF THE 5TH |
Rice University Owls batting - Pitching for University of South Carolina Gamecocks : RHP Jose Clemente
|
Batting: RHB Yu-zeng Mai
|
0-0: Fly out, F7 (Line Drive, 7S, EV 99.4 MPH)
|
Batting: RHB Russ Kennett
|
0-0: Called Strike 0-1: Ground out U3 (Groundball, 34S, EV 89.4 MPH)
|
Batting: RHB Adrian Quilantan
|
0-0: Ball 1-0: Ball 2-0: Ball 3-0: Base on Balls
|
Batting: SHB Yu-hsui Lew
|
0-0: Ball 1-0: Reached on error, E4 (Groundball, 34, EV 85.0 MPH) Adrian Quilantan to third
|
Batting: RHB Jordan Dugue
|
0-0: Swinging Strike 0-1: Ball 1-1: Ball 2-1: Ball 3-1: Called Strike 3-2: Fly out, F9 (Flyball, 89S, EV 92.5 MPH)
|
Bottom of the 5th over - 0 runs, 0 hits, 1 error, 2 left on base; University of South Carolina 0 - Rice University 3 |
TOP OF THE 6TH |
University of South Carolina Gamecocks batting - Pitching for Rice University Owls : RHP Bror Wuopio
|
Batting: RHB Emanuel Estrada
|
0-0: Called Strike 0-1: Foul Ball, location: 2F 0-2: Strikes out looking
|
Batting: RHB Colin Morris
|
0-0: Ball 1-0: Ball 2-0: Foul Ball, location: 2F 2-1: Ground out 6-3 (Groundball, 6, EV 85.6 MPH)
|
Batting: LHB Jose Mafano
|
0-0: Fly out, F8 (Flyball, 89D, EV 76.2 MPH)
|
Top of the 6th over - 0 runs, 0 hits, 0 errors, 0 left on base; University of South Carolina 0 - Rice University 3 |
BOTTOM OF THE 6TH |
Rice University Owls batting - Pitching for University of South Carolina Gamecocks : RHP Jose Clemente
|
Batting: RHB Fred Saxton
|
0-0: Called Strike 0-1: Foul Ball, location: 2F 0-2: Fly out, F8 (Flyball, 78XD, EV 94.4 MPH)
|
Batting: LHB David Coatney
|
0-0: Ball 1-0: Foul Ball, location: 2F 1-1: Ball 2-1: Foul Ball, location: 2F 2-2: Ball 3-2: Strikes out swinging
|
Batting: SHB Joan Coucieiro
|
0-0: Ball 1-0: Ball 2-0: Called Strike 2-1: Ground out U3 (Groundball, 34S, EV 85.0 MPH)
|
Bottom of the 6th over - 0 runs, 0 hits, 0 errors, 0 left on base; University of South Carolina 0 - Rice University 3 |
TOP OF THE 7TH |
University of South Carolina Gamecocks batting - Pitching for Rice University Owls : RHP Bror Wuopio
|
Batting: RHB Danny Rodriguez
|
0-0: Ball 1-0: Ground out 5-3 (Groundball, 56, EV 86.9 MPH)
|
Batting: LHB Bruce Daley
|
0-0: SINGLE (Groundball, 4S, EV 65.6 MPH) (infield hit)
|
Batting: RHB Jim Smallwood
|
0-0: Ball 1-0: Called Strike 1-1: Ball 2-1: Swinging Strike 2-2: Foul Ball, location: 2F 2-2: Fly out, F9 (Flyball, 89S, EV 96.2 MPH)
|
Pitching: LHP Joel Brown
|
|
Batting: RHB Pablo Henriquez
|
0-0: Ball 1-0: Swinging Strike 1-1: Ball 2-1: Ball 3-1: Foul Ball, location: 2F 3-2: Strikes out swinging
|
Top of the 7th over - 0 runs, 1 hit, 0 errors, 1 left on base; University of South Carolina 0 - Rice University 3 |
BOTTOM OF THE 7TH |
Rice University Owls batting - Pitching for University of South Carolina Gamecocks : RHP Jose Clemente
|
Batting: LHB Eddie Lemus
|
0-0: Ball 1-0: Ball 2-0: Called Strike 2-1: Swinging Strike 2-2: Strikes out looking
|
Batting: RHB Yu-zeng Mai
|
0-0: Ball 1-0: Ball 2-0: Called Strike 2-1: Foul Ball, location: 2F 2-2: Ball 3-2: SINGLE (Popup, 5D, EV 50.0 MPH)
|
Pitching: RHP Kip Connolly
|
|
Batting: RHB Russ Kennett
|
0-0: Ball 1-0: Fly out, F8 (Flyball, 8LS, EV 96.9 MPH)
|
Batting: RHB Adrian Quilantan
|
0-0: Called Strike Yu-zeng Mai steals 2nd base 0-1: Ball 1-1: Ground out 6-3 (Groundball, 6, EV 88.8 MPH)
|
Bottom of the 7th over - 0 runs, 1 hit, 0 errors, 1 left on base; University of South Carolina 0 - Rice University 3 |
TOP OF THE 8TH |
University of South Carolina Gamecocks batting - Pitching for Rice University Owls : LHP Joel Brown
|
Batting: RHB Mark Squires
|
0-0: SINGLE (Groundball, 6MD, EV 108.8 MPH)
|
Batting: RHB Mike Chiquete
|
0-0: Swinging Strike 0-1: Swinging Strike 0-2: Strikes out looking
|
Batting: RHB Emanuel Estrada
|
0-0: Called Strike 0-1: Ball 1-1: Fielders Choice at 2nd, 6-4 (Groundball, 6, EV 87.5 MPH)
|
Batting: RHB Colin Morris
|
0-0: Ball 1-0: Called Strike 1-1: Ball 2-1: Fly out, F7 (Flyball, 7D, EV 109.4 MPH)
|
Top of the 8th over - 0 runs, 1 hit, 0 errors, 1 left on base; University of South Carolina 0 - Rice University 3 |
BOTTOM OF THE 8TH |
Rice University Owls batting - Pitching for University of South Carolina Gamecocks : RHP Kip Connolly
|
Batting: SHB Yu-hsui Lew
|
0-0: Called Strike 0-1: Foul Ball, location: 2F 0-2: Ball 1-2: Ball 2-2: Ball 3-2: Ground out 3-1 (Groundball, 34, EV 106.9 MPH)
|
Batting: RHB Jordan Dugue
|
0-0: Ball 1-0: Ball 2-0: Called Strike 2-1: Ball 3-1: Foul Ball, location: 2F 3-2: Ground out 6-3 (Groundball, 6, EV 86.9 MPH)
|
Batting: RHB Fred Saxton
|
0-0: Ground out 6-3 (Groundball, 6, EV 100.6 MPH)
|
Bottom of the 8th over - 0 runs, 0 hits, 0 errors, 0 left on base; University of South Carolina 0 - Rice University 3 |
TOP OF THE 9TH |
University of South Carolina Gamecocks batting - Pitching for Rice University Owls : LHP Joel Brown
|
Pitching: RHP John Kerfoot
|
|
Batting: LHB Jose Mafano
|
0-0: Ground out 4-3 (Groundball, 34D, EV 98.8 MPH)
|
Batting: RHB Danny Rodriguez
|
0-0: Ground out 4-3 (Groundball, 4, EV 86.9 MPH)
|
Batting: LHB Bruce Daley
|
0-0: Ball 1-0: Ball 2-0: Swinging Strike 2-1: Swinging Strike 2-2: Ball 3-2: Base on Balls
|
Pinch Hitting: RHB Carlos Viera
|
0-0: Called Strike 0-1: Ball 1-1: Fielders Choice at 2nd, 6-4 (Groundball, 6, EV 78.8 MPH)
|
Top of the 9th over - 0 runs, 0 hits, 0 errors, 1 left on base; University of South Carolina 0 - Rice University 3 |
|